 Dungeon Crawl Stone Soup version 0.20.1-1-g8b1a95d (webtiles) character file.

730 MovingMist the Covered (level 7, -1/44 HPs)
             Began as a Gargoyle Fighter on Nov 18, 2017.
             Slain by Duvessa
             ... wielding a +0 rapier
              (3 damage)
             ... on level 3 of the Dungeon.
             The game lasted 00:12:21 (4702 turns).

MovingMist the Covered (Gargoyle Fighter)           Turns: 4702, Time: 00:12:22

Health: -1/44      AC: 14    Str: 22    XL:     7   Next: 73%
Magic:  7/7        EV: 10    Int:  9    God:
Gold:   23         SH:  9    Dex: 11    Spells: 6/6 levels left

rFire    . . .     SeeInvis .   p - +0 whip
rCold    . . .     Gourm    .   c - +0 shield
rNeg     + + +     Faith    .   B - +2 ring mail {rN+}
rPois    ∞         Spirit   .   (no helmet)
rElec    +         Reflect  .   D - +0 cloak
rCorr    .         Harm     .   (no gloves)
MR       .....                  (no boots)
Stlth    ..........             (no amulet)
Regen    0.2/turn               k - ring of positive energy
MPRegen  0.1/turn               x - +3 ring of strength

@: glowing
A: negative energy resistance 1, electricity resistance, unbreathing,
petrification resistance, rot immunity, AC +4
a: no special abilities


You were on level 3 of the Dungeon.
You were not hungry.

You visited 1 branch of the dungeon, and saw 4 of its levels.

You collected 95 gold pieces.
You spent 72 gold pieces at shops.

Inventory:

Hand Weapons
 a - a +0 flail
 p - a +0 whip (weapon)
Missiles
 t - 7 javelins (quivered)
Armour
 c - a +0 shield (worn)
 B - a +2 ring mail of positive energy (worn)
 D - a +0 cloak (worn)
Jewellery
 k - a ring of positive energy (left hand)
 l - an uncursed ring of ice
 x - a +3 ring of strength (right hand)
 y - an uncursed ring of fire {unknown}
Wands
 b - a wand of lightning (1/15)
 w - a wand of polymorph (11/24)
Scrolls
 g - a scroll of teleportation
 h - a scroll of magic mapping {unknown}
 m - 5 scrolls of remove curse
 o - a scroll of amnesia {unknown}
 q - a scroll of fog {unknown}
 r - a scroll of immolation {unknown}
 v - a scroll of fear {unknown}
 C - 2 scrolls of identify {unknown}
Potions
 e - 2 potions of agility
 j - 2 potions of curing
 s - a potion of resistance {unknown}
 z - a potion of ambrosia {unknown}
 A - a potion of heal wounds {unknown}
 E - a potion of invisibility {unknown}
 F - a potion of lignification {unknown}
 G - a potion of flight {unknown}
Comestibles
 d - 2 chunks of flesh
 f - 4 bread rations
 i - 4 meat rations
 n - 5 fruits
 u - 2 royal jellies


   Skills:
 + Level 5.1 Fighting
 + Level 4.0 Maces & Flails
 + Level 5.2 Armour
 * Level 4.2 Dodging
 - Level 3.2 Shields


You had 6 spell levels left.
You didn't know any spells.

Dungeon Overview and Level Annotations

Branches:
Dungeon (4/15)
 Temple: D:4-7

Altars:
Gozag
Nemelex Xobeh
Ru
Uskayaw
Zin

Shops:
D:4 *!

Annotations:
D:3 Dowan, Duvessa


Innate Abilities, Weirdness & Mutations

You are resistant to torment.
Your stone body is resilient. (AC +4)
You are immune to poison.
You resist negative energy. (rN+)
You are resistant to electric shocks. (rElec)
You can survive without breathing.
You are immune to petrification.
You are immune to rotting.


Message History

Items here: )))) a short sword; a flail; a hand axe x2
You closely miss Dowan.
Dowan is moderately wounded.
You block Dowan's attack. Duvessa hits you but does no damage.
You closely miss Dowan.
Dowan is moderately wounded.
Dowan hits you but does no damage.
Duvessa says, "When magic and the sword combine, nothing stands against them."
Duvessa hits you with a rapier.
* * * LOW HITPOINT WARNING * * *
You hit Dowan but do no damage.
Dowan is moderately wounded.
Dowan hits you but does no damage. Duvessa hits you with a rapier.
* * * LOW HITPOINT WARNING * * *
You closely miss Dowan.
Dowan is moderately wounded.
Dowan gestures at you while chanting.
You are outlined in light.
Duvessa hits you with a rapier.
You die...

......# #.# ##.##.#### ..>...#
#####.# #......# ......#
#..##>### ###..### ......#
#...#...### #......# ......#
##........####.##.### ......#
#.#####.......##...##
###..#####.# #[........##..####
#..()..#.######e.#####.......##
###.##..).##.e@..## #######...
#..###.....###..# #####....
##..##...### ##.#####.....###
##.##..## ####....#..##### #
#.##..####.........## #
#.....##....####...## #
#..##.#..#### ###[.# #
##.##...=## #### # #..##....###
#_# ###


You could see Duvessa and Dowan.

Vanquished Creatures
  Grinder (D:3)
  2 ogres (D:4)
  Crazy Yiuf (D:3)
  A worker ant (D:4)
  Ijyb (D:4)
  An orc wizard (D:4)
  Natasha (thrice) (D:4)
  A howler monkey zombie (D:4)
  6 gnolls
  2 adders
  2 oozes
  A worm (D:2)
  2 dart slugs (D:2)
  2 leopard geckos (D:2)
  15 orcs
  4 ball pythons
  A giant cockroach (D:2)
  9 goblins
  3 hobgoblins
  4 jackals (D:1)
  2 kobolds
  6 bats
  7 frilled lizards
  13 rats
90 creatures vanquished.

Vanquished Creatures (others)
  A fungus (D:3)
1 creature vanquished.

Grand Total: 91 creatures vanquished

Notes
Turn   | Place    | Note
-------+----------+-------------------------------------------
     0 | D:1      | MovingMist the Gargoyle Fighter began the quest for the Orb.
     0 | D:1      | Reached XP level 1. HP: 14/14 MP: 1/1
   113 | D:1      | Reached XP level 2. HP: 13/19 MP: 2/2
   271 | D:1      | Reached skill level 1 in Dodging
   365 | D:1      | Reached XP level 3. HP: 23/23 MP: 3/3
   638 | D:1      | You fall through a shaft!
  1250 | D:2      | Reached XP level 4. HP: 26/28 MP: 4/4
  1864 | D:3      | Noticed Grinder
  1873 | D:3      | Paralysed by Grinder for 6 turns
  1897 | D:3      | Paralysed by Grinder for 2 turns
  2494 | D:3      | Found a faded altar of an unknown god.
  2494 | D:3      | Found a sparkling altar of Nemelex Xobeh.
  2500 | D:3      | Found a sacrificial altar of Ru.
  2503 | D:3      | Found an opulent altar of Gozag.
  2504 | D:3      | Found a faded altar of an unknown god.
  2541 | D:3      | Found a hide-covered altar of Uskayaw.
  2541 | D:3      | Found a glowing silver altar of Zin.
  2621 | D:3      | Reached XP level 5. HP: 27/33 MP: 5/5
  2763 | D:3      | Paralysed by Grinder for 5 turns
  2779 | D:3      | Paralysed by Grinder for 2 turns
  2792 | D:3      | Paralysed by Grinder for 4 turns
  2810 | D:3      | Killed Grinder
  2810 | D:3      | Reached XP level 6. HP: 12/39 MP: 6/6
  3135 | D:3      | Found a runed door.
  3139 | D:3      | Noticed Crazy Yiuf
  3149 | D:3      | Killed Crazy Yiuf
  3216 | D:4      | Found Vaevuk's Assorted Antiques.
  3225 | D:4      | Bought a fizzy dark potion for 24 gold pieces
  3225 | D:4      | Bought a bubbling red potion for 24 gold pieces
  3225 | D:4      | Bought a sapphire potion for 24 gold pieces
  3279 | D:4      | Noticed Ijyb
  3300 | D:4      | HP: 1/39 [Ijyb/wand of lightning (?/15) (5)]
  3305 | D:4      | Killed Ijyb
  3519 | D:4      | Noticed Natasha
  3544 | D:4      | Killed Natasha
  3651 | D:4      | Reached skill level 5 in Armour
  3651 | D:4      | Reached XP level 7. HP: 6/44 MP: 7/7
  3907 | D:4      | Noticed Natasha
  3912 | D:4      | Killed Natasha
  4049 | D:4      | Noticed Natasha
  4062 | D:4      | Killed Natasha
  4134 | D:4      | Found Jiprarui's Distillery.
  4167 | D:4      | Reached skill level 5 in Fighting
  4617 | D:4      | Noticed Duvessa
  4618 | D:4      | Noticed Dowan
  4701 | D:3      | HP: 2/44 [Duvessa/rapier (1)]
  4702 | D:3      | Slain by Duvessa

Skill      XL: |  1  2  3  4  5  6  7 |
---------------+----------------------+-----
Dodging        | 1 2 3 4 |  4.2
Armour         | 4 5 |  5.2
Fighting       | 4 5 |  5.1
Maces & Flails | 3 4 |  4.0
Shields        | |  3.2

Action                   |  1- 3 |  4- 6 |  7- 9 || total
-------------------------+-------+-------+-------++-------
Melee: Flail             |    57 |       |       ||    57
       Whip              |    87 |   322 |   186 ||   595
  Use: Scroll            |       |     2 |       ||     2
       Potion            |       |     1 |       ||     1
  Eat: Chunk             |     1 |     4 |     4 ||     9
       Bread ration      |       |     1 |       ||     1
Armor: Scale mail        |    55 |       |       ||    55
       Chain mail        |       |    70 |       ||    70
       Ring mail         |       |    58 |    70 ||   128
Dodge: Dodged            |    39 |    71 |    60 ||   170
Block: Shield            |    69 |   119 |    68 ||   256
